 Dungeon Crawl Stone Soup version 0.28-a0-1080-g05a166d0ed (console) character file.

Game seed: 6451170828045355105

34243 jejorda2 the Impaler (level 13, -2/103 HPs)
             Began as a Merfolk Gladiator on Dec 10, 2021.
             Was an Initiate of Yredelemnul.
             Slain by a centaur warrior (11 damage)
             ... on level 10 of the Dungeon.
             The game lasted 00:34:29 (11909 turns).

jejorda2 the Impaler (Merfolk Gladiator)           Turns: 11909, Time: 00:34:30

Health: -2/103     AC: 15    Str: 21    XL:     13   Next: 76%
Magic:  16/18      EV: 14    Int: 14    God:    Yredelemnul [......]
Gold:   641        SH:  0    Dex: 22    Spells: 12/12 levels left

rFire   . . .      SeeInvis .   a - +0 halberd (vorpal)
rCold   . . .      Faith    .   (shield currently unavailable)
rNeg    . . .      Spirit   .   G - +0 plate armour
rPois   +          Reflect  .   c - +1 helmet
rElec   .          Harm     .   n - +0 cloak
rCorr   .          Rampage  .   (no gloves)
Will    .....                   x - +0 pair of boots
Stlth   ..........              (no amulet)
HPRegen 0.27/turn               p - +4 ring of evasion
MPRegen 0.16/turn               q - ring "Lewes" {rPois Str+3 Int+6 Dex+6}

@: corroded
A: (nimble swimmer 2), mertail
a: Renounce Religion, Recall Undead Harvest


You were on level 10 of the Dungeon.
You worshipped Yredelemnul.
Yredelemnul was noncommittal.
You visited 2 branches of the dungeon, and saw 12 of its levels.
You also visited: Bailey.

You collected 856 gold pieces.
You spent 215 gold pieces at shops.

Inventory:

Hand Weapons
 a - a +0 vorpal halberd (weapon)
 b - a +1 trident
 y - the +7 flail "Hell-Harrower" {flame, +Blink Stlth+}
   (You found it on level 6 of the Dungeon)

   It burns those it strikes, dealing additional fire damage.
   +Blink:    It lets you blink.
   Stlth:     It makes you more stealthy.
Missiles
 d - 2 throwing nets
 g - 255 stones
 j - 36 poisoned darts (quivered)
 m - 6 javelins
 t - 67 boomerangs
Armour
 c - a +1 helmet (worn)
 n - a +0 cloak (worn)
 x - a +0 pair of boots (worn)
 C - the +3 leather armour of Indecent Exposure {rElec Int+2 Stlth+}
   (You found it on level 7 of the Dungeon)

   Int:       It affects your intelligence (+2).
   rElec:     It insulates you from electricity.
   Stlth:     It makes you more stealthy.
 G - a +0 plate armour (worn)
Magical Staves
 L - a staff of air
Jewellery
 p - a +4 ring of evasion (left hand)
 q - the ring "Lewes" (right hand) {rPois Str+3 Int+6 Dex+6}
   (You bought it in a shop on level 3 of the Dungeon)

   [ring of intelligence]

   Str:       It affects your strength (+3).
   Int:       It affects your intelligence (+6).
   Dex:       It affects your dexterity (+6).
   rPois:     It protects you from poison.
 v - a ring of willpower
 D - an amulet of magic regeneration
 O - a ring of flight
Wands
 s - a wand of paralysis (16)
 A - a wand of charming (7)
 B - a wand of flame (2)
 N - a wand of iceblast (2)
Scrolls
 z - 3 scrolls of fog
 E - a scroll of teleportation
 H - a scroll of enchant weapon
 I - a scroll of enchant armour
 J - 2 scrolls of blinking
Potions
 e - 2 potions of brilliance
 f - 6 potions of haste
 h - 2 potions of lignification
 i - 4 potions of heal wounds
 k - a potion of flight {unknown}
 l - 2 potions of cancellation {unknown}
 o - a potion of mutation {unknown}
 r - 5 potions of degeneration
 u - 4 potions of curing
 F - a potion of ambrosia {unknown}
 K - a potion of might {unknown}
 M - a potion of resistance {unknown}
Miscellaneous
 w - a lightning rod (1/4)
 P - a condenser vane


   Skills:
 + Level 10.0 Fighting
 - Level 20.0 Polearms
 - Level 2.0 Throwing
 + Level 10.0 Armour
 - Level 6.0 Dodging
 + Level 7.0 Invocations
 * Level 0.7 Evocations


You had 12 spell levels left.
You didn't know any spells.
Your spell library contained the following spells:

 Spells                   Type           Power      Damage    Failure   Level
 Ensorcelled Hibernation  Hex/Ice        0%         N/A       100%        2
 Tukima's Dance           Hex            0%         N/A       100%        3
 Passage of Golubria      Tloc           0%         N/A       100%        4
 Silence                  Hex/Air        0%         N/A       100%        5
 Iron Shot                Conj/Erth      0%         9d1       100%        6
 Simulacrum               Ice/Necr       0%         N/A       100%        6
 Haunt                    Necr/Summ      0%         N/A       100%        7
 Lehudib's Crystal Spear  Conj/Erth      0%         10d2      100%        8


Dungeon Overview and Level Annotations

Branches:
Dungeon (11/15)            Temple (1/1) D:7             Orc (0/2) D:9
 Bailey (visited)
   Lair: D:8-11

Altars:
Cheibriados
Dithmenos
Elyvilon
Fedhas
Hepliaklqana
Kikubaaqudgha
Ru
Sif Muna
Trog
Yredelemnul
The Shining One

Shops:
D:3 **[:

Annotations:
D:6 1 runed translucent door, jlumianski's ghost, novice GrMo


Innate Abilities, Weirdness & Mutations

((You are quick and stealthy near water. (Stealth+, EV+, Speed+++)))
Your lower body shifts to a powerful aquatic tail in water.


Message History

The centaur warrior hits you.
The centaur warrior kicks you but does no damage.
The centaur warrior hits you but does no damage.
The centaur warrior kicks you but does no damage.
The acid dragon completely misses you.
The acid dragon claws you but does no damage.
You climb upwards.
There is a stone staircase leading down, spattered with blood here.
You see here a +0 chain mail.
You puncture the centaur warrior!
The centaur warrior is lightly wounded.
The centaur warrior hits you! The centaur warrior kicks you.
You hit the centaur warrior but do no damage.
The centaur warrior is lightly wounded.
The acid dragon spits acid at you. The splash of acid hits you!!
* * * LOW HITPOINT WARNING * * *
The acid corrodes you! The centaur warrior barely misses you.
The centaur warrior kicks you but does no damage.
You hit the centaur warrior but do no damage.
The centaur warrior is lightly wounded.
The centaur warrior hits you.
* * * LOW HITPOINT WARNING * * *
The centaur warrior kicks you but does no damage.
The acid dragon bites you!
* * * LOW HITPOINT WARNING * * *
The acid dragon claws you.
* * * LOW HITPOINT WARNING * * *
Nothing appears to have answered your call.
The centaur warrior barely misses you. The centaur warrior kicks you.
* * * LOW HITPOINT WARNING * * *
The acid dragon closely misses you.
The acid dragon claws you but does no damage.
Unknown command.
Unknown command.
You closely miss the centaur warrior.
The centaur warrior is lightly wounded.
The centaur warrior hits you!
You die...
Your body rises from the dead as a mindless zombie.

.......#.###....###........##8###
.......#...#...............'.....
.......#...##.#............####8#
.##...#.......#....###.<...#.....
.....Z..............###....######
....ZPP.......#.......#..........
#.#.PPP.......###.....##.........
..#.PP_PP#.....##[.............Z.
.##.P.P.P.Z##..)@)[....#..#...Z..
###.PPP.P.Z###.c.D........#..Z...
.##.......Z.)>....(...##.##..Z...
###...#..............###.#..Z....
##...#.............###.....Z.####
....###............##.....Z####
..................##....ZZ##..##
.##...###.......##.....Z.......#
#####.###.............Z.......##


You could see a centaur warrior and an acid dragon.

Vanquished Creatures
  An orc warlord (Bailey)
  2 two-headed ogres
  Pikel (D:4)
  A cyclops (D:8)
  Joseph (D:8)
  A gargoyle (D:7)
  A kobold demonologist (D:9)
  A troll (D:10)
  5 slime creatures (D:8)
  Sigmund (D:4)
  A wraith (D:8)
  A vampire (D:9)
  3 yaks
  A steam dragon (D:8)
  A vampire mosquito (D:10)
  Menkaure (D:5)
  An acid dragon (D:9)
  A water moccasin (D:8)
  6 orc warriors
  A hornet zombie (D:8)
  2 sky beasts
  A black bear (D:8)
  2 necrophages (D:7)
  An ogre (D:5)
  3 centaurs
  2 lemures (D:4)
  A phantom (D:6)
  Blork the orc (D:5)
  4 bullfrogs
  A gnoll sergeant (D:8)
  A wyvern zombie (D:7)
  5 scorpions
  6 killer bees
  3 howler monkeys
  A bullfrog zombie (D:5)
  A centaur zombie (D:9)
  Crazy Yiuf (D:4)
  4 hounds
  3 orc priests
  A centaur skeleton (D:7)
  Jessica (D:3)
  A bullfrog skeleton (D:6)
  3 iguanas
  6 orc wizards
  2 killer bee zombies
  2 hound skeletons (D:4)
  4 gnolls
  3 adders
  A shadow imp (D:7)
  An ufetubus (D:6)
  An orc zombie (D:9)
  An adder skeleton (D:4)
  2 worms
  3 dart slugs
  22 orcs
  2 bats (D:2)
  4 endoplasms
  3 giant cockroaches
  14 goblins
  6 hobgoblins
  17 kobolds
  5 quokkas
  7 ball pythons
  2 frilled lizards
  3 rats
192 creatures vanquished.

Vanquished Creatures (collateral kills)
  A two-headed ogre (D:10)
  A troll (D:8)
  A slime creature (D:8)
  A yak (D:10)
  A vampire mosquito (D:10)
  An orc warrior (D:10)
  A centaur (D:8)
  3 killer bees
  4 orc wizards (D:8)
  A howler monkey zombie (D:8)
  A gnoll (Bailey)
  4 orcs
  A kobold (Bailey)
  A bush (D:10)
22 creatures vanquished.

Vanquished Creatures (others)
  2 spectral slime creatures (D:8)
  2 vampire mosquito zombies (D:10)
  2 yak zombies (D:10)
  A centaur zombie (D:10)
  A human zombie (D:8)
  2 killer bee zombies
  A steam dragon zombie (D:8)
  3 orc zombies
  A gnoll zombie (Bailey)
  2 goblin zombies (Bailey)
  2 hobgoblin zombies (Bailey)
  2 kobold zombies (Bailey)
  8 plants (D:8)
29 creatures vanquished.

Grand Total: 243 creatures vanquished

Notes
Turn   | Place    | Note
-------+----------+-------------------------------------------
     0 | D:1      | jejorda2 the Merfolk Gladiator began the quest for the Orb.
     0 | D:1      | Reached XP level 1. HP: 16/16 MP: 1/1
     6 | D:1      | Noticed a salamander
     6 | D:1      | Noticed a lindwurm
     7 | D:1      | Noticed a hound
    48 | D:1      | Found a faded altar of an unknown god.
   464 | D:1      | Reached XP level 2. HP: 23/23 MP: 2/2
   616 | D:1      | Reached skill level 5 in Polearms
  1013 | D:1      | Reached XP level 3. HP: 18/28 MP: 3/3
  1429 | D:2      | Reached skill level 1 in Armour
  1714 | D:2      | Found a hazy altar of Hepliaklqana.
  1749 | D:2      | Reached XP level 4. HP: 32/34 MP: 4/4
  2053 | D:2      | Reached skill level 6 in Polearms
  2183 | D:3      | Found Puenwadam's Antique Armour Shoppe.
  2277 | D:3      | Noticed Jessica
  2285 | D:3      | Killed Jessica
  2341 | D:3      | Found Tedir's Book Shoppe.
  2550 | D:3      | Found Neuvao's Assorted Antiques.
  2568 | D:3      | Found Kuurey's Assorted Antiques.
  2802 | D:3      | Reached XP level 5. HP: 40/41 MP: 5/5
  3033 | D:3      | Bought a slimy golden ring for 120 gold pieces
  3033 | D:3      | Identified the ring "Lewes" {rPois Str+3 Int+6 Dex+6} (You
                  | bought it in a shop on level 3 of the Dungeon)
  3089 | D:4      | Reached skill level 7 in Polearms
  3230 | D:4      | Noticed Sigmund
  3295 | D:4      | Reached XP level 6. HP: 39/48 MP: 6/6
  3572 | D:4      | Reached skill level 8 in Polearms
  3689 | D:4      | Killed Sigmund
  3690 | D:4      | Reached XP level 7. HP: 55/55 MP: 7/7
  3739 | D:4      | Reached skill level 9 in Polearms
  4031 | D:4      | Noticed Pikel
  4053 | D:4      | Killed Pikel
  4054 | D:4      | Reached skill level 5 in Fighting
  4054 | D:4      | Reached skill level 10 in Polearms
  4054 | D:4      | Reached XP level 8. HP: 33/63 MP: 8/8
  4226 | D:4      | Found a runed translucent door.
  4227 | D:4      | Noticed Crazy Yiuf
  4236 | D:4      | Killed Crazy Yiuf
  4517 | D:5      | Entered Level 5 of the Dungeon
  4626 | D:5      | Noticed Blork the orc
  4633 | D:5      | Killed Blork the orc
  4634 | D:5      | Reached skill level 11 in Polearms
  4648 | D:5      | Noticed Menkaure
  4663 | D:5      | Killed Menkaure
  5101 | D:5      | Reached skill level 19 in Polearms
  5101 | D:5      | Reached XP level 9. HP: 69/69 MP: 9/9
  5586 | D:3      | Bought a scroll labelled KOACRUA TITIO for 25 gold pieces
  5586 | D:3      | Bought a scroll labelled TOXZIN QEB for 25 gold pieces
  5586 | D:3      | Bought 2 purple potions for 45 gold pieces
  5837 | D:6      | Found a runed translucent door.
  5837 | D:6      | Noticed jlumianski's ghost (novice GrMo)
  5909 | D:6      | Identified the +7 flail "Hell-Harrower" {flame, +Blink
                  | Stlth+}
  5972 | D:6      | Reached XP level 10. HP: 69/76 MP: 10/10
  6828 | D:7      | Noticed a gargoyle
  6843 | D:7      | Killed a gargoyle
  6844 | D:7      | Reached skill level 20 in Polearms
  7179 | D:7      | Reached skill level 5 in Armour
  7431 | D:7      | Identified the +3 leather armour of Indecent Exposure
                  | {rElec Int+2 Stlth+}
  7508 | D:7      | Found a staircase to the Ecumenical Temple.
  7518 | Temple   | Entered the Ecumenical Temple
  7584 | Temple   | Became a worshipper of Yredelemnul the Dark
  7864 | D:8      | Noticed Joseph
  8213 | D:8      | Reached skill level 1 in Invocations
  8296 | D:8      | Got Sif Muna's Guide on Earthen Unholy Secrets
  8343 | D:8      | Killed Joseph
  8343 | D:8      | Reached * piety under Yredelemnul
  8347 | D:8      | Reached ** piety under Yredelemnul
  8353 | D:8      | Your ally Joseph died
  8360 | D:8      | Reached *** piety under Yredelemnul
  8364 | D:8      | Reached **** piety under Yredelemnul
  8364 | D:8      | Reached ***** piety under Yredelemnul
  8367 | D:8      | Reached skill level 5 in Dodging
  8706 | D:8      | Reached XP level 11. HP: 55/81 MP: 12/12
  8843 | D:8      | Noticed a two-headed ogre
  8855 | D:8      | Killed a two-headed ogre
  9063 | D:8      | Noticed a cyclops
  9111 | D:8      | Killed a cyclops
  9112 | D:8      | Reached skill level 5 in Invocations
 10107 | D:9      | Found a staircase to the Orcish Mines.
 10365 | D:10     | Entered Level 10 of the Dungeon
 10372 | D:10     | Found a flagged portal.
 10382 | Bailey   | Entered a bailey
 10415 | Bailey   | Noticed an orc warlord
 10494 | Bailey   | Found a runed translucent gate.
 10505 | Bailey   | Found a runed translucent gate.
 10506 | Bailey   | Found a runed translucent gate.
 10779 | Bailey   | Killed an orc warlord
 10810 | Bailey   | Reached XP level 12. HP: 93/93 MP: 17/17
 10822 | Bailey   | Reached XP level 13. HP: 102/102 MP: 18/18
 10922 | D:10     | Found a blossoming altar of Fedhas.
 11278 | D:10     | Reached skill level 10 in Fighting
 11278 | D:10     | Reached skill level 10 in Armour
 11909 | D:10     | Slain by a centaur warrior

Illustrated notes

Levels and vault maps discovered:
D:1:      onia_arrival_zoo_common, layout_basic, basic_ecumenical_altar
D:2:      layout_basic, basic_altar
D:3:      layout_basic, serial_shops, shop, shop_fountains,
          nicolae_shop_crystal, shop, corexii_corridor_pit, uniq_jessica
D:4:      layout_loops_ring, minmay_checkerbox, uniq_pikel, uniq_sigmund,
          uniq_crazy_yiuf_cottage
D:5:      nicolae_cairo_tiling_large, layout_gridville, uniq_menkaure,
          uniq_blork_the_orc
D:6:      layout_loops_cross, hellmonk_ghost_happy_afterlife,
          nicolae_lava_and_water, minmay_misc_feat_more_columns,
          patterned_corridor
D:7:      layout_loops_ring, minmay_temple_entry_grid
D:8:      layout_cave_pools, minmay_misc_feat_rugged, minmay_shattered_shrine,
          uniq_joseph
D:9:      layout_grid_maze, orc_0_dummy, minmay_misc_feat_nine_boxes
D:10:     layout_cave_pools, fedhas_bush_and_centaur_altar, enter_bailey_8
D:11:     layout_loops_ring, david_lair_shrubbed, st_stairs_12
Temple:   mainiacjoe_temple_archimedes_tessellation

Skill      XL: |  1  2  3  4  5  6  7  8  9 10 11 12 13 |
---------------+----------------------------------------+-----
Polearms       | 5 6 7 8 10 19 20 | 20.0
Armour         | 1 2 3 4 5 8 9 10 | 10.0
Fighting       | 3 4 5 6 8 9 10 | 10.0
Invocations    | 2 7 |  7.0
Dodging        | 5 6 |  6.0
Throwing       | |  2.0
Evocations     | |  0.7

Action                   |  1- 3 |  4- 6 |  7- 9 | 10-12 | 13-15 || total
-------------------------+-------+-------+-------+-------+-------++-------
Melee: Trident           |    71 |   153 |   174 |   377 |    46 ||   821
       Halberd           |       |       |       |       |    54 ||    54
Throw: Dart              |       |     4 |     7 |     7 |       ||    18
       Throwing net      |       |     1 |     1 |       |       ||     2
       Javelin           |       |     1 |       |     1 |       ||     2
Invok: Recall Undead Har |       |       |       |       |     1 ||     1
Evoke: Lightning rod     |       |       |       |     4 |       ||     4
  Use: Scroll            |       |       |    10 |    10 |     2 ||    22
       Potion            |       |       |     2 |     4 |       ||     6
 Stab: Held in net/web   |       |     1 |     1 |       |       ||     2
       Distracted        |       |       |       |     7 |     1 ||     8
       Sleeping          |       |       |       |     6 |       ||     6
Armor: Leather armour    |     3 |       |       |    29 |       ||    32
       Ring mail         |    13 |    20 |    18 |    19 |       ||    70
       Plate armour      |       |       |       |     5 |    50 ||    55
Dodge: Dodged            |    33 |    73 |    77 |   150 |    65 ||   398

Table legend: (Time is in decaauts)
 A = Elapsed time spent in this place.
 B = Non-inter-level travel time spent in this place.
 C = Inter-level travel time spent in this place.
 D = Time resting spent in this place.
 E = Time spent auto-exploring this place.
 F = Levels seen in this place.
 G = Mean time per level.
                   A        B        C        D        E       F      G
               +--------+--------+--------+--------+--------+-----+--------+
         Total |  12179 |  11687 |    492 |    165 |   9689 |  13 |  936.8 |
       Dungeon |  11632 |  11194 |    438 |    165 |   9411 |  11 | 1057.5 |
        Temple |    110 |     57 |     53 |      0 |     48 |   1 |  110.0 |
        Bailey |    437 |    437 |      0 |      0 |    229 |   1 |  437.0 |
               +--------+--------+--------+--------+--------+-----+--------+

Top non-repeatable levels by time:
     D:8: 1689 daAuts
     D:4: 1429 daAuts
     D:1: 1165 daAuts
    D:10: 1139 daAuts
     D:7: 1132 daAuts
     D:3: 1097 daAuts
     D:5: 1035 daAuts
     D:2: 1024 daAuts
     D:6: 988 daAuts
     D:9: 907 daAuts
  Bailey: 437 daAuts
  Temple: 110 daAuts
    D:11: 23 daAuts
